 Dungeon Crawl Stone Soup version 0.28.0-53-g5a82cb258f (webtiles) character file.

Game seed: 12083447197372531878

1059 safid the Cleaver (level 8, -2/66 HPs)
             Began as a Hill Orc Fighter on July 15, 2022.
             Was a Priest of Dithmenos.
             Slain by a water moccasin (8 damage)
             ... on level 5 of the Dungeon.
             The game lasted 00:06:31 (4642 turns).

safid the Cleaver (Hill Orc Fighter)                Turns: 4642, Time: 00:06:32

Health: -2/66      AC:  8    Str: 21    XL:     8   Next: 27%
Magic:  8/8        EV:  9    Int:  8    God:    Dithmenos [***...]
Gold:   252        SH:  4    Dex: 10    Spells: 7/7 levels left

rFire   + . .      SeeInvis .   a - +0 war axe
rCold   . . .      Faith    .   c - +0 buckler
rNeg    . . .      Spirit   .   b - +0 scale mail
rPois   .          Reflect  .   x - +0 helmet
rElec   .          Harm     .   (no cloak)
rCorr   .          Rampage  .   (no gloves)
Will    .....                   (no boots)
Stlth   ..........              (no amulet)
HPRegen 0.21/turn               n - +4 ring of slaying
MPRegen 0.11/turn               k - ring of protection from fire

@: lethally poisoned (-2 -> -13), wreathed by umbra
A: no striking features
a: Renounce Religion, Shadow Step


You were on level 5 of the Dungeon.
You worshipped Dithmenos.
Dithmenos was most pleased with you.
You visited 1 branch of the dungeon, and saw 6 of its levels.
You also visited: Sewer.

You collected 252 gold pieces.

Inventory:

Hand Weapons
 a - a +0 war axe (weapon)
Missiles
 f - 6 poisoned darts (quivered)
Armour
 b - a +0 scale mail (worn)
 c - a +0 buckler (worn)
 x - a +0 helmet (worn)
Jewellery
 h - a ring of flight
 k - a ring of protection from fire (right hand)
 n - a +4 ring of slaying (left hand)
Wands
 q - a wand of flame (20)
Scrolls
 i - 2 scrolls of identify {unknown}
 j - a scroll of enchant weapon {unknown}
 o - a scroll of teleportation {unknown}
 p - 2 scrolls of amnesia {unknown}
 r - a scroll of fear {unknown}
 t - 2 scrolls of blinking {unknown}
Potions
 d - a potion of might
 e - a potion of curing {unknown}
 g - a potion of magic {unknown}
 l - a potion of degeneration {unknown}
 m - 2 potions of mutation {unknown}
 s - a potion of heal wounds
 u - a potion of brilliance {unknown}
 v - a potion of cancellation {unknown}
 w - 3 potions of invisibility {unknown}


   Skills:
 - Level 4.0 Fighting
 + Level 11.8 Axes
 - Level 4.0 Armour
 - Level 4.0 Shields


You had 7 spell levels left.
You didn't know any spells.
Your spell library contained the following spells:

 Spells                   Type           Power      Damage    Failure   Level
 Magic Dart               Conj           0%         1d3       83%         1
 Searing Ray              Conj           0%         2d4       92%         2
 Ozocubu's Armour         Ice            0%         N/A       99%         3
 Tukima's Dance           Hex            0%         N/A       99%         3
 Anguish                  Hex/Necr       0%         N/A       100%        4
 Fulminant Prism          Conj/Hex       0%         3d6       100%        4
 Summon Lightning Spire   Summ/Air       0%         N/A       100%        4
 Enfeeble                 Hex            0%         N/A       100%        7
 Ozocubu's Refrigeration  Ice            0%         4d5       100%        7
 Storm Form               Tmut/Air       0%         N/A       100%        7
 Maxwell's Capacitive Co  Air            0%         ∞         100%        8


Dungeon Overview and Level Annotations

Branches:
Dungeon (6/15)              Sewer (visited)
 Temple: D:4-7

Altars:
Dithmenos
Makhleb
Sif Muna
Vehumet
Wu Jian
Yredelemnul

Shops:
D:4 *


Message History

You feel very sick.
* * * LOW HITPOINT WARNING * * *
You feel sick. The water moccasin barely misses you.
* * * LOW HITPOINT WARNING * * *
You feel sick.
There is a stone staircase leading up here.
It was a potion of heal wounds.
You feel much better.
You feel sick.
The water moccasin bites you but does no damage.
You can't go down here!
You feel sick. The water moccasin bites you.
You are more poisoned.
The water moccasin poisons you! The water moccasin closely misses you.
You climb upwards.
You feel very sick.
There is a stone staircase leading down here.
You hit the water moccasin.
The water moccasin is lightly wounded.
You feel sick. You block the water moccasin's attack.
You slash the water moccasin!
The water moccasin is severely wounded.
You feel sick. The water moccasin bites you.
The water moccasin bites you but does no damage.
You hit the water moccasin.
The water moccasin is severely wounded.
You feel sick. The water moccasin bites you.
* * * LOW HITPOINT WARNING * * *
You are lethally poisoned!
The water moccasin poisons you!
You barely miss the water moccasin.
The water moccasin is severely wounded.
* * * LOW HITPOINT WARNING * * *
You feel very sick. The water moccasin bites you.
* * * LOW HITPOINT WARNING * * *
You closely miss the water moccasin.
The water moccasin is severely wounded.
* * * LOW HITPOINT WARNING * * *
You feel very sick. The water moccasin bites you!
You die...

#.........##..#.##.#.#.#.#
#.#######..#....##.#.#.#.#
#..# ##.#..#.##.#.#.#.#
##..# ####....## #.#.#=#.#
#8..# #<......# #.......#
##.)# ##.##.#.# #.......#
#..# #.##...# #.#.#...#
##..# #.###S.# ##.#.....##
#8..# #.....@# #.........#
##..#####..#####
#........#### #.........##
###..........
#..........## ###..######
#⌠###8###8#..# #..# ## ###
####.##########..# #####
#.#...........#
#...#####.#.########.##
#...#.....#.########.###


You could see a water moccasin.

Vanquished Creatures
  A water moccasin (D:6)
  Pargi (Sewer)
  2 ogres (D:5)
  2 phantoms (D:5)
  A kobold brigand (D:6)
  A scorpion (D:5)
  An orc priest (D:5)
  A hound (D:6)
  2 jellies
  2 bullfrog skeletons
  2 iguanas
  An orc wizard (D:5)
  A hound zombie (D:5)
  2 adders
  3 gnolls (D:2)
  2 river rats (D:4)
  2 worms
  4 orcs (D:5)
  11 ball pythons
  6 endoplasms
  A giant cockroach (D:4)
  7 goblins
  6 hobgoblins
  3 jackals (Sewer)
  3 quokkas (D:1)
  3 bats (D:1)
  3 frilled lizards
  5 kobolds
  8 rats
87 creatures vanquished.

Notes
Turn   | Place    | Note
-------+----------+-------------------------------------------
     0 | D:1      | safid the Hill Orc Fighter began the quest for the Orb.
     0 | D:1      | Reached XP level 1. HP: 19/19 MP: 1/1
   242 | D:1      | Reached XP level 2. HP: 25/27 MP: 2/2
   243 | D:1      | Reached skill level 3 in Axes
   769 | D:1      | Found a faded altar of an unknown god.
   777 | D:1      | Prayed at the altar of an unknown god.
   777 | D:1      | Became a worshipper of Dithmenos the Shadowed
   777 | D:1      | Reached * piety under Dithmenos
  1327 | D:2      | Reached XP level 3. HP: 32/33 MP: 3/3
  1602 | D:2      | Reached XP level 4. HP: 40/40 MP: 4/4
  1623 | D:2      | Reached skill level 4 in Axes
  2366 | D:3      | Found an ornate altar of the Wu Jian Council.
  2789 | D:4      | Found Powyp's Assorted Antiques.
  2921 | D:4      | Found a basalt altar of Yredelemnul.
  3010 | D:4      | Reached ** piety under Dithmenos
  3109 | D:4      | Reached skill level 5 in Axes
  3109 | D:4      | Reached XP level 5. HP: 16/46 MP: 5/5
  3195 | D:4      | Found a glowing drain.
  3199 | D:4      | Reached skill level 6 in Axes
  3216 | Sewer    | Entered a sewer
  3516 | Sewer    | Noticed Pargi
  3534 | Sewer    | Killed Pargi
  3535 | Sewer    | Reached skill level 7 in Axes
  3535 | Sewer    | Reached XP level 6. HP: 29/52 MP: 6/6
  3717 | D:4      | Found a shimmering blue altar of Sif Muna.
  3742 | D:4      | Found a burning altar of Makhleb.
  3752 | D:4      | Found a radiant altar of Vehumet.
  4051 | D:5      | Entered Level 5 of the Dungeon
  4137 | D:5      | Reached skill level 8 in Axes
  4216 | D:5      | Reached XP level 7. HP: 58/59 MP: 7/7
  4269 | D:5      | Reached skill level 9 in Axes
  4307 | D:5      | Reached skill level 10 in Axes
  4482 | D:5      | You fall into a shaft and drop 1 floor!
  4490 | D:6      | Reached XP level 8. HP: 45/66 MP: 8/8
  4492 | D:6      | Reached skill level 11 in Axes
  4540 | D:6      | Reached *** piety under Dithmenos
  4642 | D:5      | Slain by a water moccasin

Illustrated notes

Levels and vault maps discovered:
D:1:      lightli_arrival_statuegarden, layout_basic, serial_curves,
          eino_curves_01, eino_curves_02, ebering_ecumenical_altar_petrified
D:2:      layout_loops_ring
D:3:      layout_loops_ring, nzn_wu_jian_contemplation, patterned_corridor
D:4:      layout_basic, mainiacjoe_overflow_concentric_impassable,
          grunt_temple_overflow_open, portal_sewer_entry_a, serial_shops, shop
D:5:      layout_basic, serial_corexii_hall, chequers_hall_statues_wall_a,
          chequers_hall_statues_corner_a
D:6:      layout_rooms, uniq_grinder

Skill      XL: |  1  2  3  4  5  6  7  8 |
---------------+-------------------------+-----
Axes           | 3 5 7 8 10 11 | 11.8
Fighting       | 4 |  4.0
Armour         | 4 |  4.0
Shields        | 4 |  4.0

Action                   |  1- 3 |  4- 6 |  7- 9 || total
-------------------------+-------+-------+-------++-------
Melee: War axe           |    83 |   101 |    58 ||   242
Throw: Dart              |       |     3 |       ||     3
  Use: Potion            |       |       |     1 ||     1
Armor: Scale mail        |    40 |    43 |    28 ||   111
Dodge: Dodged            |    49 |    77 |    36 ||   162
Block: Buckler           |    18 |    28 |     8 ||    54
